 Dungeon Crawl Stone Soup version 0.26-a0-651-gb41185065b (webtiles) character file.

Game seed: 16542529567994618064

12383 Irenicus the Earth Mage (level 11, 0/84 HPs)
             Began as a Deep Dwarf Earth Elementalist on Oct 11, 2020.
             Was a High Priest of Makhleb.
             Shot with an arrow by a centaur warrior (6 damage)
             ... on level 12 of the Dungeon on Oct 12, 2020.
             The game lasted 00:46:33 (5763 turns).

Irenicus the Earth Mage (DDEE)                      Turns: 5763, Time: 00:46:33

Health: 0/84       AC: 10    Str: 11    XL:     11   Next: 61%
Magic:  14/24      EV: 14    Int: 20    God:    Makhleb [*****.]
Gold:   740        SH:  0    Dex: 13    Spells: 18/29 levels left

rFire    . . .     SeeInvis .   M - staff of earth
rCold    . . .     Faith    .   (no shield)
rNeg     . . .     Spirit   .   m - +0 ring mail
rPois    .         Reflect  .   a - +1 helmet
rElec    +         Harm     .   n - +0 cloak
rCorr    .         Rampage  .   (no gloves)
MR       +....                  o - +0 pair of boots
Stlth    ++........             G - amulet of magic regeneration
HPRegen  0.00/turn              k - +4 ring of slaying
MPRegen  0.44/turn              (no ring)

@: non-regenerating
A: damage resistance, heal wounds, sense surroundings 2, electricity resistance,
sturdy frame 1, no regeneration
a: Heal Wounds, Minor Destruction, Lesser Servant of Makhleb, Major Destruction,
Greater Servant of Makhleb, Renounce Religion


You were on level 12 of the Dungeon.
You worshipped Makhleb.
Makhleb was extremely pleased with you.
You visited 1 branch of the dungeon, and saw 12 of its levels.

You collected 740 gold pieces.

Inventory:

Hand Weapons
 p - a +3 hunting sling
   (You found it on level 2 of the Dungeon)
 v - a +1 dagger of venom
   (You took it off an orc on level 3 of the Dungeon)
 B - a +1 dagger of protection
   (You took it off an orc on level 4 of the Dungeon)
Missiles
 b - 104 stones (quivered)
Armour
 a - a +1 helmet (worn)
   (You found it on level 3 of the Dungeon)
 m - a +0 ring mail (worn)
   (You found it on level 2 of the Dungeon)
 n - a +0 cloak (worn)
   (You found it on level 2 of the Dungeon)
 o - a +0 pair of boots (worn)
   (You found it on level 2 of the Dungeon)
 Q - the cursed +1 robe "Imiuxaju" {-Tele rCorr Slay+2 Stlth+, unknown}
   (You found it on level 11 of the Dungeon)

   It affects your accuracy and damage with ranged weapons and melee attacks
   (+2).
   It prevents most forms of teleportation.
   It provides partial protection from all sources of acid and corrosion.
   It makes you more stealthy.
   It has a curse placed upon it.
Magical Staves
 M - an uncursed staff of earth (weapon)
   (You acquired it on level 10 of the Dungeon)
Jewellery
 g - an uncursed amulet of reflection
   (You found it on level 1 of the Dungeon)
 k - a +4 ring of slaying (left hand)
   (You found it on level 1 of the Dungeon)
 y - an uncursed ring of flight {+Fly, !d}
   (You found it on level 4 of the Dungeon)
 G - an amulet of magic regeneration (around neck)
   (You found it on level 8 of the Dungeon)
Wands
 w - a wand of iceblast (12)
   (You found it on level 4 of the Dungeon)
 F - a wand of digging (4)
   (You found it on level 8 of the Dungeon)
 H - a wand of disintegration (14)
   (You found it on level 7 of the Dungeon)
Scrolls
 d - 2 scrolls of remove curse
 f - a scroll of enchant weapon {unknown}
 i - 3 scrolls of teleportation
 l - 2 scrolls of blinking {unknown}
 r - 2 scrolls of fog
 t - 4 scrolls of immolation {unknown}
 A - 3 scrolls of amnesia {unknown}
 C - 2 scrolls of enchant armour
 D - a scroll of holy word {unknown}
 N - a scroll of fear
 P - a scroll of silence {unknown}
Potions
 c - 4 potions of curing
 e - a potion of ambrosia
 h - 2 potions of stabbing
 j - 3 potions of haste
 q - a potion of resistance
 s - 4 potions of flight
 u - 5 potions of brilliance {unknown}
 x - 2 potions of mutation {!q}
 z - 2 potions of might
 E - 4 potions of magic
 I - a potion of degeneration {unknown}
 J - 2 potions of heal wounds
 K - a potion of lignification {unknown}
 O - a potion of berserk rage {unknown}


   Skills:
 + Level 1.2 Fighting
 - Level 3.1 Armour
 - Level 6.1 Dodging
 - Level 2.4 Stealth
 + Level 9.6 Spellcasting
 - Level 6.0 Conjurations
 - Level 0.8 Transmutations
 - Level 15.0 Earth Magic
 + Level 0.0 Evocations


You had 18 spell levels left.
You knew the following spells:

 Your Spells              Type           Power        Failure   Level
a - Sandblast             Erth           ######       1%          1
w - Passwall              Tmut/Erth      ######..     1%          2
x - Stone Arrow           Conj/Erth      ######       1%          3
z - Lee's Rapid Deconstr  Erth           #######...   1%          5

Your spell library contained the following spells:

 Spells                   Type           Power        Failure   Level
 Shock                    Conj/Air       ###.         3%          1
 Petrify                  Tmut/Erth      ######..     4%          4
 Dazzling Flash           Conj/Hex       ###...       10%         3
 Static Discharge         Conj/Air       ###.....     10%         3
 Corona                   Hex            #......      11%         1
 Summon Small Mammal      Summ           #...         11%         1
 Call Imp                 Summ           #.......     16%         2
 Ensorcelled Hibernation  Hex/Ice        #.....       16%         2
 Swiftness                Air            #.......     16%         2
 Call Canine Familiar     Summ           #.......     32%         3
 Confusing Touch          Hex            #.......     32%         3
 Summon Guardian Golem    Hex/Summ       #.......     32%         3
 Tukima's Dance           Hex            #.......     32%         3
 Lightning Bolt           Conj/Air       ###.......   65%         5
 Airstrike                Air            #.........   71%         4
 Summon Ice Beast         Ice/Summ       #.......     71%         4
 Summon Lightning Spire   Summ/Air       #.......     71%         4


Dungeon Overview and Level Annotations

Branches:
Dungeon (12/15)              Lair (0/6) D:10            Orc (0/2) D:9
 Temple: D:4-7

Altars:
Dithmenos
Gozag
Makhleb
Okawaru
Sif Muna
Trog
Vehumet
Xom
The Shining One

Shops:
D:8 !

Annotations:
D:4 Dowan
D:12 3 runed translucent doors


Innate Abilities, Weirdness & Mutations

You are resistant to damage.
You can heal yourself by infusing magical energy.
You passively map the area around you.
You do not regenerate.
You are resistant to electric shocks. (rElec)
Your movements are slightly less encumbered by armour. (ER -2)


Message History

Casting: Stone Arrow (safe; 1% risk of failure)
Confirm with . or Enter, or press ? or * to list all spells.
Aiming: Stone Arrow (safe; 1% risk of failure)
Press: ? - help, Shift-Dir - straight line, f - orc
Aim: an orc, wielding a +0 club and wearing a +0 ring mail (wandering, hasn't noticed you)
You feel a surge of power!
The stone arrow hits the orc.
The orc is almost dead.
The orc shouts!
You now have 5/24 mp.
Casting: Stone Arrow (safe; 1% risk of failure)
Confirm with . or Enter, or press ? or * to list all spells.
Aiming: Stone Arrow (safe; 1% risk of failure)
Press: ? - help, Shift-Dir - straight line, f/p - orc
Aim: an orc, wielding a +0 club and wearing a +0 ring mail (almost dead)
You feel a surge of power!
The stone arrow misses the orc.
You now have 3/24 mp.
Casting: Stone Arrow (safe; 1% risk of failure)
Confirm with . or Enter, or press ? or * to list all spells.
Okay, then.
You hit the orc but do no damage.
The orc is almost dead.
The orc hits you but does no damage.
You hit the orc.
You kill the orc!
Makhleb accepts your kill.
You feel better.
Things that are here:
a +0 club; a +0 ring mail; an orc corpse
Things that are here:
a +0 halberd; a +0 plate armour; an orc corpse
Things that are here:
a +0 club; a +0 ring mail; an orc corpse
Casting: Stone Arrow (safe; 1% risk of failure)
Confirm with . or Enter, or press ? or * to list all spells.
Press: ? - help, Dir - move target cursor A rock wall.
You feel a surge of power!
You begin to meditate on the wall.
You continue meditating on the rock. x3
You finish merging with the rock.
You hear the faint crackling of a very distant melting archway.
You open the door.
There is an open door here.
The bullfrog croaks.
The centaur warrior shouts!
You hear an angry buzzing noise.
The water moccasin hisses angrily.
The hippogriff screeches!
You hear a roar!
The meliai buzzes angrily.
The yak bellows!
The acid dragon roars! x2
Evoke which item? (* to show all) (? for menu, Esc to quit)
Okay, then.
There is an open door here.
As you read the scroll labeled BEHORO TIOTI, it crumbles to dust.
You assume a fearsome visage.
Nothing appears to happen.
It was a scroll of fear.
As you read the scroll labeled DIEHUA YNAHAN, it crumbles to dust.
Your body is wracked with pain!
It was a scroll of torment.
You take 28 damage, and have 39/84 hp.
MASSIVE DAMAGE!!
As you read the scroll labeled JUIL CIYZEXAURA, it crumbles to dust.
It is a scroll of enchant armour.
Your +0 helmet glows green for a moment.
As you read the scroll labeled KOSIER LUIRED, it crumbles to dust.
You feel strangely unstable.
It was a scroll of teleportation.
A centaur warrior zombie comes into view.
Your surroundings suddenly seem different.
A centaur warrior comes into view.
The centaur warrior shouts!
A centaur warrior comes into view.
The centaur warrior shouts!
A centaur warrior skeleton comes into view.
A deep elf mage comes into view. It is wielding a +0 long sword.
The centaur warrior wields a +0 shortbow.
The centaur warrior shoots an arrow.
The arrow hits you!
You hear a shout!
You see here an arrow.
You take 8 damage, and have 31/84 hp.
Casting: Passwall (safe; 1% risk of failure)
Confirm with . or Enter, or press ? or * to list all spells.
Aiming: Stone Arrow (safe; 1% risk of failure)
Press: ? - help, Shift-Dir - straight line, f - centaur warrior
Aim: a centaur warrior, wielding a +0 shortbow and quivering 31 arrows You feel a surge of power!
The stone arrow hits the centaur warrior!
The centaur warrior is lightly wounded.
The centaur warrior wields a +0 shortbow.
The centaur warrior shoots an arrow.
The arrow hits you.
The centaur warrior shoots an arrow.
The arrow hits you!
* * * LOW HITPOINT WARNING * * *
You hear a shout!
You take 9 damage, and have 22/84 hp.
You now have 18/24 mp.
Casting: Stone Arrow (safe; 1% risk of failure)
Confirm with . or Enter, or press ? or * to list all spells.
Press: ? - help, Dir - move target cursor, p - centaur warrior A stone wall.
You feel a surge of power!
The wall shatters!
The blast of rock fragments hits the centaur warrior!!
The centaur warrior is severely wounded.
A wyvern comes into view.
The centaur warrior shoots an arrow.
The arrow hits you!
* * * LOW HITPOINT WARNING * * *
A gargoyle comes into view. It is wielding a +0 dire flail.
The centaur warrior shoots an arrow.
The arrow hits you!
You die...

, * , * ##.##.#####.# *
*, ## * #.....# #.# * *
,, .,, ##....## #.# * ,**
* ,.#** ###...###.# , .
,##*. ###.....# * 9##.
,#.#####...## * * * #c.#,
#+### ###... ,
###.##..##(#yFYH######. ,
,#....8@...##DycS+....'#
*..##..##.####DDnH######.
* , ,#e, c# #+### ###...
, #/* *#. #.#####...## ,,
* # ## ? ##....* *** * *
..#..### ** , ,, ,* ,
#...... * ** , *,* , * ,
*.#..### ,* * *
##.##..###


You could see 2 centaur warriors, a deep elf mage, a gargoyle, a meliai and a
bullfrog.

Vanquished Creatures
  Gastronok (D:8)
  Harold (D:10)
  A hydra (D:11)
  2 two-headed ogres
  An unseen horror (D:11)
  Pikel (D:9)
  2 trolls
  Prince Ribbit (D:8)
  4 hippogriffs
  A wraith (D:11)
  2 wyverns (D:11)
  Eustachio (D:5)
  4 sky beasts
  8 orc warriors
  5 ice beasts
  8 ogres
  A necrophage (D:10)
  3 phantoms
  2 centaurs
  2 wolves (D:10)
  A big kobold (D:11)
  5 bullfrogs
  A wyvern skeleton (D:7)
  A scorpion (D:4)
  2 electric eels (D:10)
  5 wights (D:8)
  2 howler monkeys
  A quasit (D:6)
  7 orc priests
  2 jellies
  11 orc wizards
  A bullfrog skeleton (D:6)
  11 hounds
  2 centaur skeletons
  An iguana (D:5)
  A gnoll shaman (D:7)
  11 worker ants
  A killer bee zombie (D:6)
  A hound zombie (D:8)
  A hound skeleton (D:9)
  2 worker ant zombies
  7 gnolls
  9 adders
  A white imp (D:5)
  3 ufetubi
  An ooze (D:1)
  2 adder skeletons
  A dart slug (D:2)
  6 leopard geckos
  36 orcs
  12 bats
  7 giant cockroaches
  7 hobgoblins
  9 jackals
  2 quokkas
  8 frilled lizards
  7 goblins
  2 goblin skeletons (D:6)
  2 goblin zombies (D:6)
  2 hobgoblin zombies (D:6)
  11 kobolds
  2 kobold zombies (D:6)
  A leopard gecko skeleton (D:6)
  An orc skeleton (D:6)
  A quokka skeleton (D:8)
  7 rats
268 creatures vanquished.

Vanquished Creatures (others)
  5 dream sheep (D:9)
  2 plants (D:5)
7 creatures vanquished.

Grand Total: 275 creatures vanquished

Notes
Turn   | Place    | Note
-------+----------+-------------------------------------------
     0 | D:1      | Irenicus the Deep Dwarf Earth Elementalist began the quest
                  | for the Orb.
     0 | D:1      | Reached XP level 1. HP: 15/15 MP: 3/3
    99 | D:1      | Reached skill level 2 in Spellcasting
   176 | D:1      | Reached XP level 2. HP: 22/22 MP: 0/5
   498 | D:1      | Learned a level 2 spell: Passwall
   570 | D:1      | Reached XP level 3. HP: 22/28 MP: 0/6
   688 | D:2      | Reached skill level 5 in Earth Magic
   811 | D:2      | Found a burning altar of Makhleb.
   811 | D:2      | Noticed an Executioner
   814 | D:2      | Noticed an orange demon
   814 | D:2      | Noticed a neqoxec
   816 | D:2      | Became a worshipper of Makhleb the Destroyer
  1336 | D:3      | Reached skill level 3 in Spellcasting
  1336 | D:3      | Reached XP level 4. HP: 21/36 MP: 4/8
  1353 | D:3      | Reached skill level 6 in Earth Magic
  1497 | D:3      | Reached * piety under Makhleb
  1555 | D:3      | Reached XP level 5. HP: 20/42 MP: 6/9
  1665 | D:4      | Noticed an ogre
  1672 | D:4      | HP: 6/42 [orc priest/divine providence (10)]
  1673 | D:4      | Killed an ogre
  1673 | D:4      | Reached skill level 7 in Earth Magic
  1676 | D:4      | Reached skill level 8 in Earth Magic
  1676 | D:4      | Reached XP level 6. HP: 12/49 MP: 3/10
  1712 | D:4      | HP: 11/49 [ogre/+0 giant club (1)]
  1713 | D:4      | Reached skill level 9 in Earth Magic
  1786 | D:4      | HP: 7/49 [worker ant (4)]
  1787 | D:4      | Reached XP level 7. HP: 11/55 MP: 0/11
  1804 | D:4      | Noticed Dowan
  1865 | D:4      | Reached skill level 10 in Earth Magic
  1940 | D:4      | Found a shimmering blue altar of Sif Muna.
  1986 | D:5      | Entered Level 5 of the Dungeon
  2003 | D:5      | Reached ** piety under Makhleb
  2018 | D:5      | Gained mutation: Your movements are slightly less
                  | encumbered by armour. (ER -2) [potion of mutation]
  2018 | D:5      | Gained mutation: You are resistant to electric shocks.
                  | (rElec) [potion of mutation]
  2158 | D:5      | Reached skill level 11 in Earth Magic
  2564 | D:5      | Reached XP level 8. HP: 62/62 MP: 8/12
  2575 | D:5      | Found an iron altar of Okawaru.
  2596 | D:5      | Learned a level 3 spell: Stone Arrow
  2606 | D:5      | Noticed Eustachio
  2610 | D:5      | Killed Eustachio
  2610 | D:5      | Reached skill level 12 in Earth Magic
  2666 | D:6      | Found a shimmering blue altar of Sif Muna.
  2666 | D:6      | Found a shadowy altar of Dithmenos.
  2666 | D:6      | Found a bloodstained altar of Trog.
  2739 | D:6      | Reached skill level 1 in Conjurations
  2795 | D:6      | Reached skill level 2 in Conjurations
  2831 | D:6      | Found a glowing golden altar of the Shining One.
  2908 | D:6      | Reached skill level 4 in Spellcasting
  2937 | D:6      | Reached *** piety under Makhleb
  2960 | D:6      | Reached skill level 3 in Conjurations
  3376 | D:7      | Gained mutation: You passively map the area around you.
                  | [Deep Dwarf growth]
  3376 | D:7      | Reached XP level 9. HP: 64/68 MP: 12/16
  3394 | D:7      | Reached skill level 4 in Conjurations
  3419 | D:7      | Reached skill level 5 in Spellcasting
  3515 | D:7      | Found a shadowy altar of Dithmenos.
  3623 | D:8      | Found a glowing golden altar of the Shining One.
  3638 | D:8      | Learned a level 5 spell: Lee's Rapid Deconstruction
  3673 | D:8      | Noticed Prince Ribbit
  3715 | D:8      | Noticed a two-headed ogre
  3745 | D:8      | Reached skill level 5 in Conjurations
  3751 | D:8      | Killed a two-headed ogre
  3751 | D:8      | Reached skill level 6 in Spellcasting
  3751 | D:8      | Reached skill level 6 in Conjurations
  3819 | D:8      | Found Biheifou's Distillery.
  3897 | D:8      | Reached **** piety under Makhleb
  3918 | D:8      | Noticed Gastronok
  3999 | D:8      | Killed Gastronok
  3999 | D:8      | Reached skill level 7 in Spellcasting
  3999 | D:8      | Reached skill level 13 in Earth Magic
  3999 | D:8      | Reached XP level 10. HP: 75/75 MP: 1/21
  4130 | D:8      | Killed Prince Ribbit
  4296 | D:9      | Found a staircase to the Orcish Mines.
  4303 | D:9      | Reached skill level 14 in Earth Magic
  4305 | D:9      | Reached skill level 8 in Spellcasting
  4352 | D:9      | Noticed Pikel
  4358 | D:9      | Killed Pikel
  4358 | D:9      | Reached skill level 1 in Armour
  4652 | D:9      | Found a radiant altar of Vehumet.
  4674 | D:9      | Found a shimmering altar of Xom.
  4714 | D:9      | Reached skill level 2 in Armour
  4785 | D:9      | Found an opulent altar of Gozag.
  4824 | D:10     | Entered Level 10 of the Dungeon
  4835 | D:10     | Found a staircase to the Lair.
  4848 | D:10     | Reached skill level 3 in Armour
  5023 | D:10     | Noticed Harold
  5029 | D:10     | Identified a scroll of acquirement
  5029 | D:10     | Acquired an uncursed staff of earth
  5045 | D:10     | Killed Harold
  5045 | D:10     | Reached skill level 3 in Dodging
  5045 | D:10     | Reached XP level 11. HP: 64/81 MP: 2/23
  5332 | D:11     | Reached ***** piety under Makhleb
  5394 | D:11     | Noticed an eight-headed hydra
  5403 | D:11     | Reached skill level 4 in Dodging
  5404 | D:11     | Killed an eight-headed hydra
  5404 | D:11     | Reached skill level 9 in Spellcasting
  5404 | D:11     | Reached skill level 15 in Earth Magic
  5470 | D:11     | Reached skill level 5 in Dodging
  5519 | D:11     | Noticed a two-headed ogre
  5527 | D:11     | Killed a two-headed ogre
  5551 | D:11     | Got a distressingly furry robe
  5579 | D:11     | Killed an unseen horror
  5579 | D:11     | Reached skill level 6 in Dodging
  5686 | D:12     | Reached skill level 1 in Fighting
  5735 | D:12     | Found a runed translucent door.
  5737 | D:12     | Noticed a centaur warrior
  5738 | D:12     | Found a runed translucent door.
  5738 | D:12     | Found a runed translucent door.
  5761 | D:12     | Noticed a centaur warrior
  5761 | D:12     | Noticed a centaur warrior
  5761 | D:12     | Noticed a deep elf mage
  5763 | D:12     | HP: 6/84 [centaur warrior/arrow (16)]
  5763 | D:12     | Shot with an arrow by a centaur warrior

Illustrated notes

Levels and vault maps discovered:
D:1:      mainiacjoe_arrival_reflecting_pool, layout_rooms, serial_corexii_hall,
          corexii_hall_statues_x, corexii_hall_statues_x,
          corexii_hall_statues_l, chequers_hall_statues_corner_a,
          minmay_quantized
D:2:      layout_basic, makhleb_altar_promises_db
D:3:      layout_loops_ring, kennysheep_potato
D:4:      layout_cave_pools, minmay_temple_entry_nine_rooms,
          lemuel_blue_sif_altar, uniq_duvessa, uniq_natasha
D:5:      wad_lake_hut, layout_basic, okawaru_metal_pillars_1_2, uniq_eustachio
D:6:      layout_gridville, grunt_temple_overflow_open,
          nicolae_tso_besieged_by_evil
D:7:      layout_cave_pools, minmay_fountain_box, grunt_dithmenos_smoke
D:8:      layout_cave_pods, nicolae_overflow_crystal_walls, serial_shops,
          shop_fountains, uniq_prince_ribbit1, uniq_maggie, uniq_gastronok
D:9:      layout_long_grid, kb_xom_exploding_sheep, vehumet_altar_wand_db,
          nicolae_gozag_seed_capital, david_orc_3, dk_noncrumbling_4,
          minmay_misc_feat_more_columns, uniq_pikel
D:10:     layout_roguey, erik_lair_island, uniq_harold
D:11:     layout_basic, hangedman_decor_push
D:12:     minmay_the_grid_four_pointed_star
          [minmay_the_grid_triangle_9x9_subtriangle,
          minmay_the_grid_triangle_9x9_fully_insulated_deathbox,
          minmay_the_grid_triangle_9x9_tough_junction,
          minmay_the_grid_triangle_9x9_descending_squares,
          minmay_the_grid_prize_trominoes], layout_loops_ring,
          portal_ice_cave_entry_pillars_2, serial_shops,
          nicolae_shop_overgrown_old_shop, kennysheep_donut,
          nicolae_two_hexagons, lemuel_mausoleum_altar_yredelemnul, uniq_jorgrun

Skill      XL: |  1  2  3  4  5  6  7  8  9 10 11 |
---------------+----------------------------------+-----
Spellcasting   | 2 3 4 7 8 9 |  9.6
Earth Magic    | 5 6 8 9 11 12 13 14 15 | 15.0
Conjurations   | 3 6 |  6.0
Armour         | 3 |  3.1
Dodging        | 3 6 |  6.1
Fighting       | 1 |  1.2
Stealth        | |  2.4
Transmutations | |  0.8

Action                   |  1- 3 |  4- 6 |  7- 9 | 10-12 || total
-------------------------+-------+-------+-------+-------++-------
Melee: Club              |     6 |       |       |       ||     6
       Unarmed           |     2 |       |       |       ||     2
       Dagger            |    63 |    18 |   112 |    18 ||   211
       Staff             |       |       |       |    24 ||    24
 Cast: Sandblast         |    44 |    41 |    73 |    46 ||   204
       Passwall          |    11 |     2 |    30 |    13 ||    56
       Stone Arrow       |       |       |    36 |   108 ||   144
       Lee's Rapid Decon |       |       |     4 |    11 ||    15
Evoke: Wand              |       |     1 |     3 |     8 ||    12
  Use: Scroll            |     2 |     3 |     5 |     8 ||    18
       Potion            |       |       |     2 |       ||     2
 Stab: Sleeping          |     2 |       |     4 |     2 ||     8
Armor: Robe              |    13 |       |       |       ||    13
       Leather armour    |    10 |       |       |       ||    10
       Ring mail         |    10 |     8 |    55 |    50 ||   123
Dodge: Dodged            |    69 |    14 |    81 |    83 ||   247
Block: Other             |    11 |     7 |    44 |     5 ||    67
       Reflection        |     1 |       |     1 |       ||     2

Table legend: (Time is in decaauts)
 A = Elapsed time spent in this place.
 B = Non-inter-level travel time spent in this place.
 C = Inter-level travel time spent in this place.
 D = Time resting spent in this place.
 E = Time spent auto-exploring this place.
 F = Levels seen in this place.
 G = Mean time per level.
                   A        B        C        D        E       F      G
               +--------+--------+--------+--------+--------+-----+--------+
         Total |   5797 |   5778 |     19 |      0 |      0 |  12 |  483.1 |
       Dungeon |   5797 |   5778 |     19 |      0 |      0 |  12 |  483.1 |
               +--------+--------+--------+--------+--------+-----+--------+

Top non-repeatable levels by time:
     D:5: 702 daAuts
     D:8: 689 daAuts
     D:1: 678 daAuts
     D:6: 605 daAuts
     D:2: 557 daAuts
     D:9: 526 daAuts
    D:10: 499 daAuts
     D:3: 419 daAuts
    D:11: 365 daAuts
     D:7: 344 daAuts
     D:4: 328 daAuts
    D:12: 81 daAuts

Table legend:
 A = Kills in this place as a percentage of kills in entire the game.
 B = Kills by you in this place as a percentage of kills by you in the entire game.
 C = Kills by friends in this place as a percentage of kills by friends in the entire game.
 D = Other kills in this place as a percentage of other kills in the entire game.
 E = Experience gained in this place as a percentage of experience gained in the entire game.
 F = Experience gained in this place divided by the number of levels of this place that you have seen.
                   A       B       C       D       E      F
               +-------+-------+-------+-------+-------+----------------------
         Total | 100.0 | 100.0 |   N/A |   N/A | 100.0 | 1474.2
       Dungeon | 100.0 | 100.0 |   N/A |   N/A | 100.0 | 1474.2
               +-------+-------+-------+-------+-------+----------------------
